 Dungeon Crawl Stone Soup version 0.23.1 (webtiles) character file.

Game seed: 10190513215598440230

3579 Borgoz the Skirmisher (level 10, -11/84 HPs)
             Began as a Ghoul Enchanter on Mar 3, 2019.
             Was a Follower of Ashenzari.
             Mangled by a hornet (15 damage)
             ... on level 8 of the Dungeon.
             The game lasted 00:22:43 (7491 turns).

Borgoz the Skirmisher (Ghoul Enchanter)             Turns: 7491, Time: 00:22:43

Health: -11/84     AC:  5    Str: 13    XL:     10   Next: 10%
Magic:  13/13      EV: 16    Int: 15    God:    Ashenzari [*.....]
Gold:   438        SH:  0    Dex: 15    Spells: 9/15 levels left

rFire    . . .     SeeInvis .   a - +5 short sword (elec)
rCold    + . .     Gourm    .   (no shield)
rNeg     + + +     Faith    .   m - +0 leather armour
rPois    ∞         Spirit   .   g - +0 helmet
rElec    .         Reflect  .   (no cloak)
rCorr    .         Harm     .   u - +0 pair of gloves (curse)
MR       .....                  (no boots)
Stlth    +++.......             (no amulet)
HPRegen  0.00/turn              z - ring "Hebledexyc" {EV+1 Int+5}
MPRegen  0.13/turn              i - +3 ring of dexterity (curse)

@: about to teleport, rotting
A: rotting body, claws 1, carnivore, cold resistance 1, negative energy
resistance 3, inhibited regeneration, torment resistance, unbreathing
a: Curse Item, Scrying, Renounce Religion


You were on level 8 of the Dungeon.
You worshipped Ashenzari.
Ashenzari was aware of your devotion.
You were not hungry.

You visited 2 branches of the dungeon, and saw 9 of its levels.
You also visited: Ossuary and Bailey.

You collected 438 gold pieces.

Inventory:

Hand Weapons
 a - a +5 short sword of electrocution (weapon)
 b - a +0 blowgun
 p - a +4 short sword
Missiles
 k - 44 poisoned needles
 A - 66 tomahawks of returning (quivered)
Armour
 g - a +0 helmet (worn)
 m - a +0 leather armour (worn)
 u - a cursed +0 pair of gloves (worn)
Jewellery
 c - an uncursed ring of resist corrosion
 i - a cursed +3 ring of dexterity (right hand)
 v - an uncursed ring of protection from cold
 z - the ring "Hebledexyc" (left hand) {EV+1 Int+5}
   (You found it on level 8 of the Dungeon)

   [ring of evasion]

   It affects your evasion (+1).
   It affects your intelligence (+5).
 E - an uncursed ring of protection from cold
Wands
 f - a wand of enslavement (12)
 C - a wand of random effects (14)
Scrolls
 e - 4 scrolls of teleportation
 o - 3 scrolls of amnesia
 s - a scroll of blinking
 t - 3 scrolls of remove curse
 w - a scroll of vulnerability {unknown}
 x - a scroll of acquirement
 B - a scroll of enchant armour
Potions
 h - 2 potions of curing
 l - 4 potions of magic
 n - a potion of might
 q - a potion of haste
 r - 3 potions of agility
Comestibles
 d - 6 rations


   Skills:
 * Level 6.9 Fighting
 * Level 5.9 Short Blades
 - Level 2.2 Throwing
 + Level 3.8 Armour
 * Level 6.1 Dodging
 + Level 6.3 Stealth
 + Level 3.3 Spellcasting
 + Level 3.7 Hexes
 + Level 1.1 Evocations


You had 9 spell levels left.
You knew the following spells:

 Your Spells              Type           Power        Failure   Level  Hunger
a - Corona                Hex            ##.....      5%          1    #......
b - Ensorcelled Hibernat  Hex/Ice        #.....       17%         2    ##.....
c - Confuse               Hex            ##......     16%         3    ###....

Your spell library contained the following spells:

 Spells                   Type           Power        Failure   Level  Hunger
 Tukima's Dance           Hex            ##......     16%         3    ###....
 Magic Dart               Conj           #...         24%         1    #......
 Dazzling Spray           Conj/Hex       #.....       32%         3    ###....
 Searing Ray              Conj           #.....       36%         2    ##.....
 Sticks to Snakes         Tmut           #.......     36%         2    ##.....
 Fulminant Prism          Conj/Hex       #.........   73%         4    #####..
 Force Lance              Conj/Tloc      #.......     94%         4    #####..
 Iskenderun's Mystic Bla  Conj           #.......     94%         4    #####..
 Beastly Appendage        Tmut           Unusable     N/A         1    N/A
 Spider Form              Tmut/Pois      Unusable     N/A         3    N/A
 Ice Form                 Ice/Tmut       Unusable     N/A         4    N/A
 Blade Hands              Tmut           Unusable     N/A         5    N/A

Dungeon Overview and Level Annotations

Branches:
Dungeon (8/15)             Temple (1/1) D:4
   Lair: D:8-11

Altars:
Ashenzari
Cheibriados
Dithmenos
Elyvilon
Fedhas
Gozag
Hepliaklqana
Kikubaaqudgha
Makhleb
Nemelex Xobeh
Okawaru
Qazlal
Ru
Sif Muna
Trog
Uskayaw
Vehumet
Wu Jian
Xom
Yredelemnul
Zin
The Shining One

Shops:
D:4 *   D:5 }   D:6 !


Innate Abilities, Weirdness & Mutations

Your body is rotting away.
You thrive on raw meat.
You are immune to poison.
You have sharp fingernails.
You are carnivorous and can eat meat at any time.
Your flesh is cold resistant. (rC+)
You are immune to negative energy. (rN+++)
You do not regenerate when monsters are visible.
You are immune to unholy pain and torment.
You can survive without breathing.


Message History

The hornet is heavily wounded.
The hornet stings you!
* * * LOW HITPOINT WARNING * * *
Okay, then.
Okay, then.
Okay, then.
You feel better. The hornet completely misses you.
You closely miss the hornet.
The hornet is heavily wounded.
The hornet misses you. x2
You hit the hornet but do no damage.
The hornet is heavily wounded.
The hornet misses you.
You hit the hornet.
The hornet is heavily wounded.
The hornet stings you!
* * * LOW HITPOINT WARNING * * *
As you read the scroll of teleportation, it crumbles to dust.
You feel strangely unstable. The hornet stings you!
You die...

#......### ..... #.####.#
...#. #.####.# .. ##
########.##...# #.###
#........##.#.#######....
#.######...........######
#.# #.###########.# #(.
#.# ##.##.#.## #..####.#
#.# #...@#a#y# #.......#
#.# #..##y#.# #..######
#.###..#.#.#.####..#
#.##..########.....#
#.##.## ####### #.#..#
#.#.## #.#.# #.#.#


You could see a hornet.

Vanquished Creatures
  An orc knight (Bailey)
  A hippogriff (D:8)
  A soldier ant (D:8)
  3 orc warriors (D:8)
  A sky beast (D:4)
  2 black bears (D:6)
  3 phantoms
  3 ogres
  A centaur (D:7)
  An elf zombie (Ossuary)
  2 bullfrogs (D:8)
  A scorpion (D:8)
  A water moccasin skeleton (D:5)
  A howler monkey (D:5)
  2 centaur zombies (Ossuary)
  A bullfrog zombie (D:5)
  3 crimson imps
  3 hounds
  4 orc priests
  3 bullfrog skeletons
  6 worker ants
  2 orc wizards (D:3)
  3 ogre zombies (Ossuary)
  3 hound zombies
  7 mummies (Ossuary)
  2 worker ant zombies
  12 adders
  13 gnolls (Bailey)
  A howler monkey skeleton (D:6)
  8 adder zombies
  2 worms
  3 dart slugs
  7 leopard geckos
  24 orcs
  3 ball pythons
  2 bat zombies (D:2)
  2 giant cockroaches
  4 goblins
  15 hobgoblins
  11 jackals
  2 quokkas
  6 bats
  3 frilled lizards
  A gnoll zombie (Ossuary)
  6 goblin zombies (Ossuary)
  3 hobgoblin zombies (Ossuary)
  A jackal skeleton (D:5)
  13 kobolds
  3 kobold zombies (Ossuary)
  A leopard gecko skeleton (D:7)
  A quokka skeleton (D:6)
  3 quokka zombies (Ossuary)
  5 rats
  2 rat zombies (Ossuary)
218 creatures vanquished.

Vanquished Creatures (others)
  Blork the orc (D:7)
1 creature vanquished.

Grand Total: 219 creatures vanquished

Notes
Turn   | Place    | Note
-------+----------+-------------------------------------------
     0 | D:1      | Borgoz the Ghoul Enchanter began the quest for the Orb.
     0 | D:1      | Reached XP level 1. HP: 14/14 MP: 2/2
   136 | D:1      | Reached skill level 1 in Short Blades
   212 | D:1      | Reached XP level 2. HP: 22/22 MP: 3/3
   636 | D:2      | You fall through a shaft!
   665 | D:3      | Reached skill level 1 in Fighting
   676 | D:3      | Reached XP level 3. HP: 21/28 MP: 4/4
   889 | D:2      | Found an ancient bone altar of Kikubaaqudgha.
  1011 | D:2      | Noticed an ogre
  1028 | D:2      | Killed an ogre
  1028 | D:2      | Reached skill level 1 in Throwing
  1028 | D:2      | Reached skill level 1 in Armour
  1028 | D:2      | Reached XP level 4. HP: 24/36 MP: 5/5
  1028 | D:2      | Reached XP level 5. HP: 27/41 MP: 6/6
  1668 | D:3      | Found a glowing silver altar of Zin.
  2097 | D:4      | Found a staircase to the Ecumenical Temple.
  2102 | D:4      | Reached XP level 6. HP: 49/49 MP: 7/7
  2128 | Temple   | Entered the Ecumenical Temple
  2220 | Temple   | Became a worshipper of Ashenzari the Shackled
  2245 | D:4      | Found Qeclox's General Store.
  2511 | D:4      | Found a blossoming altar of Fedhas.
  2689 | D:5      | Entered Level 5 of the Dungeon
  2691 | D:5      | Found an iron altar of Okawaru.
  2814 | D:5      | Noticed a phantom
  2957 | D:5      | Found Hamyvyzo's Gadget Boutique.
  2957 | D:5      | Noticed a sky beast
  2985 | D:4      | Killed a sky beast
  3220 | D:5      | Reached XP level 7. HP: 50/57 MP: 8/8
  3229 | D:5      | Found a white marble altar of Elyvilon.
  3251 | D:5      | Found a hazy altar of Hepliaklqana.
  3264 | D:5      | Found a sacrificial altar of Ru.
  3570 | D:6      | Reached XP level 8. HP: 21/66 MP: 9/9
  3589 | D:6      | Found a sand-covered staircase.
  3594 | Ossuary  | Entered an ossuary
  4295 | Ossuary  | Reached skill level 5 in Stealth
  4826 | D:6      | Found a glowing silver altar of Zin.
  4915 | D:6      | Found an opulent altar of Gozag.
  5207 | D:6      | Found Kuschowk's Distillery.
  5321 | D:5      | Reached skill level 5 in Fighting
  5436 | D:5      | Found a stormy altar of Qazlal.
  5550 | D:5      | Found a burning altar of Makhleb.
  5633 | D:7      | Found a flagged portal.
  5651 | D:7      | Noticed a hippogriff
  5707 | D:8      | Killed a hippogriff
  5707 | D:8      | Reached skill level 5 in Dodging
  5707 | D:8      | Reached XP level 9. HP: 59/75 MP: 11/11
  5780 | D:7      | Reached skill level 5 in Short Blades
  5787 | D:7      | Learned a level 2 spell: Ensorcelled Hibernation
  5791 | D:7      | Learned a level 3 spell: Confuse
  5825 | Bailey   | Entered a bailey
  6042 | Bailey   | Noticed an orc knight
  6108 | Bailey   | Killed an orc knight
  6314 | D:7      | Reached * piety under Ashenzari
  6642 | D:7      | Noticed Blork the orc
  6650 | D:7      | Found a deep blue altar of Sif Muna.
  6689 | D:7      | Killed Blork the orc
  6996 | D:8      | Identified a scroll of acquirement
  7081 | D:8      | Identified the ring "Hebledexyc" {EV+1 Int+5}
  7155 | D:8      | Found an ancient bone altar of Kikubaaqudgha.
  7207 | D:8      | Found a basalt altar of Yredelemnul.
  7228 | D:8      | Reached XP level 10. HP: 84/84 MP: 13/13
  7232 | D:8      | Reached skill level 1 in Evocations
  7490 | D:8      | HP: 4/84 [hornet (14)]
  7491 | D:8      | Mangled by a hornet

Skill      XL: |  1  2  3  4  5  6  7  8  9 10 |
---------------+-------------------------------+-----
Short Blades   | 1 2 3 4 5 |  5.9
Dodging        | 2 3 4 5 6 |  6.1
Fighting       | 1 2 3 4 5 6 |  6.9
Throwing       | 1 2 |  2.2
Armour         | 1 2 3 |  3.8
Stealth        | 4 5 6 |  6.3
Spellcasting   | 2 3 |  3.3
Hexes          | 3 |  3.7
Evocations     | 1 |  1.1

Action                   |  1- 3 |  4- 6 |  7- 9 | 10-12 || total
-------------------------+-------+-------+-------+-------++-------
Melee: Short sword       |    84 |   182 |   543 |    33 ||   842
       Dagger            |     1 |       |       |       ||     1
 Fire: Blowgun           |     4 |       |       |       ||     4
Throw: Tomahawk          |       |       |    14 |       ||    14
 Cast: Corona            |       |     2 |       |       ||     2
       Ensorcelled Hiber |       |       |     7 |       ||     7
       Confuse           |       |       |     3 |       ||     3
Invok: Curse Item        |       |       |     2 |       ||     2
  Use: Potion            |     2 |     2 |    12 |     1 ||    17
       Scroll            |     1 |       |    17 |     3 ||    21
 Stab: Sleeping          |     6 |     4 |    14 |     4 ||    28
       Distracted        |       |       |       |     1 ||     1
  Eat: Chunk             |    10 |    11 |    68 |     1 ||    90
Armor: Robe              |     6 |       |       |       ||     6
       Leather armour    |    26 |    56 |   112 |     6 ||   200
Dodge: Dodged            |    60 |   113 |   393 |    25 ||   591
